 Dungeon Crawl Stone Soup version 0.23-a0-650-ga4d50d4 (webtiles) character file.

43 zishaf the Firebug (level 3, -2/19 HPs)
             Began as a Deep Elf Fire Elementalist on Jan 3, 2019.
             Slain by a goblin (3 damage)
             ... on level 1 of the Dungeon.
             The game lasted 00:01:50 (646 turns).

zishaf the Firebug (Deep Elf Fire Elementalist)      Turns: 646, Time: 00:01:51

Health: -2/19      AC:  2    Str:  5    XL:     3   Next: 37%
Magic:  3/10       EV: 13    Int: 20    God:
Gold:   39         SH:  0    Dex: 15    Spells: 3/9 levels left

rFire    . . .     SeeInvis .   (no weapon)
rCold    . . .     Gourm    .   (no shield)
rNeg     . . .     Faith    .   a - +0 robe
rPois    .         Spirit   .   (no helmet)
rElec    .         Reflect  .   (no cloak)
rCorr    .         Harm     .   (no gloves)
MR       .....                  (no boots)
Stlth    ++........             (no amulet)
HPRegen  0.06/turn              (no ring)
MPRegen  0.12/turn              (no ring)

@: no status effects
A: no striking features
a: no special abilities


You were on level 1 of the Dungeon.
You were not hungry.

You visited 1 branch of the dungeon, and saw 1 of its levels.

You collected 39 gold pieces.

Inventory:

Armour
 a - a +0 robe (worn)
Potions
 d - 3 potions of degeneration {unknown}
 e - a potion of lignification {unknown}
Comestibles
 b - 2 chunks of flesh
 c - 2 rations


   Skills:
 + Level 3.0 Dodging
 + Level 3.0 Stealth
 + Level 3.5 Spellcasting
 + Level 1.8 Conjurations
 + Level 3.7 Fire Magic


You had 3 spell levels left.
You knew the following spells:

 Your Spells              Type           Power        Failure   Level  Hunger
a - Flame Tongue          Conj/Fire      ##...        4%          1    None
b - Throw Flame           Conj/Fire      ##....       6%          2    ##.....
c - Conjure Flame         Conj/Fire      ##......     13%         3    ###....

Your spell library contained the following spells:

 Spells                   Type           Power        Failure   Level  Hunger
 Inner Flame              Hex/Fire       ##......     19%         3    ###....
 Sticky Flame             Conj/Fire      ##......     38%         4    ####...
 Fireball                 Conj/Fire      ##........   75%         5    ######.


Dungeon Overview and Level Annotations

Branches:
Dungeon (1/15)

Altars:


Message History

Aiming: Flame Tongue (safe; 4% risk of failure)
Press: ? - help, Shift-Dir - straight line, f/p - hobgoblin
Aim: a hobgoblin, wielding a +0 club (moderately wounded)
The flame tongue hits the hobgoblin.
The hobgoblin is heavily wounded.
The hobgoblin hits you with a +0 club.
Casting: Flame Tongue (safe; 4% risk of failure)
Confirm with . or Enter, or press ? or * to list all spells.
Aiming: Flame Tongue (safe; 4% risk of failure)
Press: ? - help, Shift-Dir - straight line, f/p - hobgoblin
Aim: a hobgoblin, wielding a +0 club (heavily wounded)
The flame tongue misses the goblin.
The flame tongue misses the hobgoblin.
The goblin hits you. The goblin hits you.
The hobgoblin hits you with a +0 club.
* * * LOW HITPOINT WARNING * * *
The goblin hits you.
* * * LOW HITPOINT WARNING * * *
The goblin hits you.
You die...

≈....
#.#######......###########.
≈.....#.#######......# #..
≈.....#.#....##......# #..
≈.....#.#....##......# #..
≈.....#..............# #..
≈.....###.....#......# #..
≈.....#.......#......# #..
§.....#.#.########...# #..
≈§....#...#.....@gg..# #..
≈.....#..##.######...# #..
≈.....#..##.# ##...#####
#.. ≈.....#..##.###
#.)......#######÷
≈.....#..##...#
#................
≈.....#..##...#
#.#.####.#######.
≈.....#.÷##...# #.#....#.#
#. ≈.....##÷##.###
#.#..#.#.### #.
......#.....#
#.#........#####.


You could see a hobgoblin and a goblin.

Vanquished Creatures
  3 oozes (D:1)
  A dart slug (D:1)
  3 leopard geckos (D:1)
  6 bats (D:1)
  2 goblins (D:1)
  2 jackals (D:1)
  3 frilled lizards (D:1)
  4 kobolds (D:1)
  3 rats (D:1)
27 creatures vanquished.

Notes
Turn   | Place    | Note
-------+----------+-------------------------------------------
     0 | D:1      | zishaf the Deep Elf Fire Elementalist began the quest for
                  | the Orb.
     0 | D:1      | Reached XP level 1. HP: 10/10 MP: 6/6
   123 | D:1      | Reached XP level 2. HP: 15/15 MP: 4/8
   480 | D:1      | Reached XP level 3. HP: 17/19 MP: 7/9
   484 | D:1      | Learned a level 2 spell: Throw Flame
   488 | D:1      | Learned a level 3 spell: Conjure Flame
   646 | D:1      | Slain by a goblin

Vault maps used:
D:1:      erik_arrival_gehennom

Skill      XL: |  1  2  3 |
---------------+----------+-----
Stealth        | 3 |  3.0
Dodging        | 3 |  3.0
Spellcasting   | |  3.5
Conjurations   | |  1.8
Fire Magic     | |  3.7

Action                   || total
-------------------------++-------
Melee: Unarmed           ||     1
 Cast: Flame Tongue      ||    51
Armor: Robe              ||     5
Dodge: Dodged            ||    17

Table legend:
 A = Non-vault XP
 B = Vault XP
 C = Vault XP percentage of total XP
 D = Non-vault monster count
 E = Vault monster count
 F = Vault count percentage of total count
                 A         B        C        D         E       F
            +---------+---------+-------+---------+---------+-------
      Total |      44 |      18 |  29.0 |      22 |       5 |  18.5
            +---------+---------+-------+---------+---------+-------
        D:1 |      44 |      18 |  29.0 |      22 |       5 |  18.5
            +---------+---------+-------+---------+---------+-------
